 Dungeon Crawl Stone Soup version 0.31-a0-803-g95b03c3367 (webtiles) character file.

Game seed: 7461726468199546694

12 Newt the Trooper (level 2, 0/23 HPs)
             Began as a Demonspawn Gladiator on Sept 20, 2023.
             Succumbed to a goblin's poison
             ... on level 1 of the Dungeon.
             The game lasted 00:00:31 (222 turns).

Newt the Trooper (Demonspawn Gladiator)              Turns: 222, Time: 00:00:31

Health: 0/23       AC:  4    Str: 14    XL:     2   Next: 20%
Magic:  2/2        EV: 12    Int:  9    God:
Gold:   0          SH:  0    Dex: 14    Spells: 1/1 levels left

rFire   . . .        a - +0 rapier
rCold   . . .        (no shield)
rNeg    . . .        b - +0 leather armour
rPois   .            c - +0 helmet
rElec   .            (no cloak)
rCorr   .            (no gloves)
SInv    .            (no boots)
Will    .....        (no amulet)
Stlth   +            (no ring)
HPRegen 0.23/turn    (no ring)
MPRegen 0.08/turn

%: no passive effects
@: lethally poisoned (0 -> -1)
A: hooves 1
a: no special abilities


You were on level 1 of the Dungeon.
You visited 1 branch of the dungeon, and saw 1 of its levels.

Inventory:

Hand Weapons
 a - a +0 rapier (weapon)
Missiles
 d - a throwing net (quivered)
 e - a javelin
Armour
 b - a +0 leather armour (worn)
 c - a +0 helmet (worn)
Scrolls
 g - a scroll of teleportation {unknown}
 h - a scroll of amnesia {unknown}
 i - a scroll of identify {unknown}


   Skills:
 + Level 2.9 Fighting
 - Level 2.6 Short Blades
 - Level 1.7 Throwing
 - Level 2.6 Dodging


You had one spell level left.
You didn't know any spells.
Your spell library was empty.

Dungeon Overview and Level Annotations

Branches:
Dungeon (1/15)

Altars:


Innate Abilities, Weirdness & Mutations

You have large cloven feet.


Message History

Unknown command.
Throw: 2 throwing nets
Press: ? - help, Q - select action, (/) - cycle Shift-Dir - straight line, f/p - goblin
Aim: a goblin, wielding a +0 dagger of venom (47% to hit)
You throw a throwing net. The throwing net hits the goblin.
The goblin is caught in the net!
You feel sick. The quokka barely misses you.
The goblin struggles against the net.
Unknown command.
You hit the goblin.
The goblin is severely wounded.
You feel sick.
The quokka bites you but does no damage.
The goblin struggles against the net.
The quokka barely misses you.
You hit the goblin.
You kill the goblin!
You feel sick.
The quokka twitches its whiskers.
The quokka barely misses you.
You hit the quokka but do no damage. Your kick misses the quokka.
The quokka is moderately wounded.
You feel sick. The quokka bites you.
* * * LOW HITPOINT WARNING * * *
Unknown command.
You hit the quokka.
You kill the quokka!
You feel sick.
The frilled lizard bites you but does no damage.
Unknown command.
You closely miss the frilled lizard.
You feel sick. The frilled lizard bites you.
* * * LOW HITPOINT WARNING * * *
Unknown command.
Okay, then.
Hit: a) +0 rapier
Press: ? - help, Dir - move target, f - frilled lizard
Aim: a frilled lizard (about 54% to evade your +0 rapier)
Okay, then.
It was a potion of magic.
Magic courses through your body.
You die...

### ... .........( #
#. .......... #
#..#......... #..
#..#......... ##.##
#..#......... #...#
#...........# #...#
#....†l..# #...#
#.@..# #...# ###..####
###...#######.......#
...........##.#..##.#
......................
.....†.....##....##?#
.
###...#######.......#
#...# ###.##### #...#
#.#


You could see a frilled lizard.

Vanquished Creatures
  2 bats (D:1)
  An endoplasm (D:1)
  2 goblins (D:1)
  A hobgoblin (D:1)
  A quokka (D:1)
  2 ball pythons (D:1)
  A kobold (D:1)
  A rat (D:1)
11 creatures vanquished.

Notes
Turn   | Place    | Note
-------+----------+-------------------------------------------
     0 | D:1      | Newt the Demonspawn Gladiator began the quest for the Orb.
     0 | D:1      | Reached XP level 1. HP: 16/16 MP: 1/1
   181 | D:1      | Discovered your monstrous ancestry.
   181 | D:1      | Gained mutation: You have large cloven feet. [demonic
                  | ancestry]
   181 | D:1      | Reached XP level 2. HP: 19/23 MP: 2/2
   221 | D:1      | HP: 1/23 [frilled lizard (3)]
   222 | D:1      | Succumbed to a goblin's poison

Illustrated notes

Levels and vault maps discovered:
D:1:      dpeg_arrival_rooms_with_view, layout_loops_cross

Action                     || total
---------------------------++-------
  Melee: Rapier            ||    37
         Kick              ||     3
  Throw: Throwing net      ||     2
    Use: Potion            ||     1
 Armour: Leather armour    ||    29
  Dodge: Dodged            ||    35

Table legend: (Time is in decaauts)
 A = Elapsed time spent in this place.
 B = Non-inter-level travel time spent in this place.
 C = Inter-level travel time spent in this place.
 D = Time resting spent in this place.
 E = Time spent auto-exploring this place.
 F = Levels seen in this place.
 G = Mean time per level.
                   A        B        C        D        E       F      G
               +--------+--------+--------+--------+--------+-----+--------+
         Total |    224 |    224 |      0 |      0 |    143 |   1 |  224.0 |
       Dungeon |    224 |    224 |      0 |      0 |    143 |   1 |  224.0 |
               +--------+--------+--------+--------+--------+-----+--------+

Top non-repeatable levels by time:
     D:1: 224 daAuts
